 Dungeon Crawl Stone Soup version 0.18.1-48-g4cf74bf (webtiles) character file.

143 Alarkh the Charmwright (level 5, -3/40 HPs)
             Began as a Mummy Skald on July 28, 2016.
             Was an Initiate of Okawaru.
             Slain by an iguana (11 damage)
             ... on level 5 of the Dungeon.
             The game lasted 00:04:27 (3699 turns).

Alarkh the Charmwright (Mummy Skald)                Turns: 3699, Time: 00:04:28

Health: -3/40      AC:  7    Str: 15    XL:     5   Next: 4%
Magic:  4/8        EV: 11    Int: 12    God:    Okawaru [......]
Gold:   299        SH:  0    Dex: 12    Spells: 3 memorised, 4 levels left

rFire  x . .     SeeInvis .     a - +1 spear
rCold  + . .     Gourm    .     b - +0 leather armour
rNeg   + + +     Faith    +     (no shield)
rPois  ∞         Spirit   .     n - +0 helmet
rElec  .         Dismiss  .     (no cloak)
rCorr  +         Reflect  .     l - +2 pair of gloves
SustAt .         Harm     .     (no boots)
MR     .....                    o - amulet of faith
Stlth  +.........               (no ring)
                                m - ring of resist corrosion

@: shrouded (expiring), infused (expiring), not resistant to hostile
enchantments, very unstealthy
A: no food or potions, fire vulnerability, cold resistance 1, negative energy
resistance 3, torment resistance, unbreathing
a: Renounce Religion


You were on level 5 of the Dungeon.
You worshipped Okawaru.
Okawaru was noncommittal.
You were not hungry.

You visited 1 branch of the dungeon, and saw 5 of its levels.

You collected 299 gold pieces.

Inventory:

Hand Weapons
 a - a +1 spear (weapon)
Armour
 b - a +0 leather armour (worn)
 k - a +1 ring mail of fire resistance
 l - a +2 pair of gloves (worn)
 n - a +0 helmet (worn)
Jewellery
 m - a ring of resist corrosion (left hand)
 o - an amulet of faith (around neck)
Wands
 p - a wand of digging (11/24)
 s - a wand of paralysis (10/24)
Scrolls
 d - 3 scrolls of teleportation
 f - 2 scrolls of identify {unknown}
 g - a scroll of immolation {unknown}
 h - 2 scrolls of enchant weapon
 i - 2 scrolls of random uselessness
 j - a scroll of recharging
 q - 2 scrolls of amnesia {unknown}
 r - a scroll of fear {unknown}
Books
 c - a book of Battle

   Spells                             Type                      Level
   a - Infusion                       Charms                       1
   b - Shroud of Golubria             Charms/Translocation         2
   c - Song of Slaying                Charms                       2
   d - Spectral Weapon                Hexes/Charms                 3
   e - Regeneration                   Charms/Necromancy            3
 e - a book of Cantrips

   Spells                             Type                      Level
   a - Corona                         Hexes                        1
   b - Animate Skeleton               Necromancy                   1
   c - Summon Small Mammal            Summoning                    1
   d - Apportation                    Translocation                1


   Skills:
 + Level 2.8 Fighting
 + Level 1.9 Polearms
 + Level 1.7 Armour
 + Level 1.6 Dodging
 + Level 0.3 Stealth
 + Level 2.3 Spellcasting
 + Level 3.3 Charms


You had 4 spell levels left.
You knew the following spells:

 Your Spells              Type           Power        Failure   Level  Hunger
a - Infusion              Chrm           #...         12%         1    N/A
b - Shroud of Golubria    Chrm/Tloc      #.........   28%         2    N/A
c - Animate Skeleton      Necr           N/A          34%         1    N/A

Dungeon Overview and Level Annotations

Branches:
Dungeon (5/15)
 Temple: D:4-7

Altars:
Ashenzari
Kikubaaqudgha
Okawaru
Qazlal
Ru
The Shining One

Annotations:
D:4 Pikel


Innate Abilities, Weirdness & Mutations

You do not eat or drink.
Your flesh is vulnerable to fire.
You are immune to poison.
Your flesh is cold resistant.
You are immune to negative energy.
You are immune to unholy pain and torment.
You can survive without breathing.


Message History

You are too injured to fight recklessly!
The ogre falls through a shaft!
The shaft crumbles and collapses.
Your shroud begins to fray at the edges.
Attack whom?
Press: ? - help, Dir - move target cursor, f - iguana
Aim: an iguana You reach to attack!
You closely miss the iguana.
Attack whom?
Press: ? - help, Dir - move target cursor, f/p - iguana
Aim: an iguana You barely miss the iguana.
The iguana bites you!
* * * LOW HITPOINT WARNING * * *
Attack whom?
Press: ? - help, Dir - move target cursor, f/p - iguana
Aim: an iguana You hit the iguana.
The iguana is lightly wounded.
Your magical infusion is running out.
The iguana bites you!
You die...

###
#<#
#.#
#.#
#.#
#.#
#@#
#l#
#.#
#.#
#.#
#'#
...
#...)
#?....


You could see an iguana.

Vanquished Creatures
  Robin (D:2)
  4 gnolls
  2 adders (D:2)
  2 worms
  2 giant geckos
  5 giant cockroaches
  17 goblins
  8 hobgoblins
  6 jackals
  9 kobolds
  A quokka (D:3)
  A ball python (D:1)
  2 bats
  3 giant newts (D:1)
  2 rats
65 creatures vanquished.

Notes
Turn   | Place    | Note
--------------------------------------------------------------
     0 | D:1      | Alarkh the Mummy Skald began the quest for the Orb.
     0 | D:1      | Reached XP level 1. HP: 16/16 MP: 3/3
   292 | D:1      | Reached XP level 2. HP: 18/22 MP: 1/5
   502 | D:1      | Reached skill level 1 in Armour
   606 | D:1      | Reached skill level 1 in Dodging
  1121 | D:2      | Reached XP level 3. HP: 19/28 MP: 2/6
  1985 | D:2      | Reached skill level 3 in Charms
  1985 | D:2      | Reached XP level 4. HP: 14/34 MP: 4/7
  2232 | D:2      | Found a stormy altar of Qazlal.
  2413 | D:2      | Noticed Robin
  2587 | D:1      | Learned a level 2 spell: Shroud of Golubria
  2589 | D:1      | Learned a level 1 spell: Animate Skeleton
  2794 | D:2      | Killed Robin
  3007 | D:3      | Found a glowing golden altar of the Shining One.
  3112 | D:3      | Found an iron altar of Okawaru.
  3119 | D:3      | Found a sacrificial altar of Ru.
  3121 | D:3      | Found a shattered altar of Ashenzari.
  3154 | D:3      | Became a worshipper of Warmaster Okawaru
  3158 | D:3      | Reached XP level 5. HP: 28/40 MP: 0/8
  3242 | D:3      | Found an ancient bone altar of Kikubaaqudgha.
  3651 | D:4      | Noticed a slave
  3657 | D:4      | Noticed a slave
  3657 | D:4      | Noticed a slave
  3659 | D:4      | Noticed Pikel
  3675 | D:5      | Entered Level 5 of the Dungeon
  3685 | D:5      | Noticed an ogre
  3699 | D:5      | Slain by an iguana

Skill      XL: |  1  2  3 |
---------------+----------+-----
Armour         | 1 |  1.7
Dodging        | 1 |  1.6
Charms         | 3 |  3.3
Fighting       | |  2.8
Polearms       | |  1.9
Stealth        | |  0.3
Spellcasting   | |  2.3

Action                   |  1- 3 |  4- 6 || total
-------------------------+-------+-------++-------
Melee: Spear             |    95 |   115 ||   210
 Cast: Infusion          |    17 |    19 ||    36
       Shroud of Golubri |       |     1 ||     1
  Use: Scroll            |     2 |     4 ||     6
 Stab: Sleeping          |     1 |       ||     1
       Distracted        |       |     2 ||     2
Armor: Leather armour    |    14 |    60 ||    74
Dodge: Dodged            |    51 |    73 ||   124
